 Dungeon Crawl Stone Soup version 0.30-a0-721-ga6a225cb13 (webtiles) character file.

Game seed: 7415995164062039745

4726 funkygono the Thaumaturge (level 10, -16/72 HPs)
             Began as a Purple Draconian Fire Elementalist on Jan 27, 2023.
             Was a Believer of Sif Muna.
             Demolished by an orc knight
             ... wielding a +0 glaive
              (21 damage)
             ... in a bailey.
             The game lasted 00:19:57 (10380 turns).

funkygono the Thaumaturge (DrFE)                   Turns: 10380, Time: 00:19:58

Health: -16/72     AC: 12    Str: 10    XL:     10   Next: 22%
Magic:  17/33      EV: 12    Int: 21    God:    Sif Muna [**....]
Gold:   595        SH:  0    Dex: 11    Spells: 17/30 levels left

rFire   . . .      SeeInvis .    C - +5 great sword (freeze)
rCold   . . .      Faith    .    (shield currently unavailable)
rNeg    . . .      Spirit   .    (body armour unavailable)
rPois   .          Reflect  .    (helmet restricted)
rElec   .          Harm     .    q - +2 cloak
rCorr   .          Rampage  .    d - +1 pair of gloves
Will    +....                    (no boots)
Stlth   ++                       (no amulet)
HPRegen 0.32/turn                g - ring of flight
MPRegen 0.23/turn                D - ring of magical power

@: flying
A: breathe power, AC +7, unfitting armour, cold-blooded
a: Breathe Dispelling Energy, Renounce Religion, Channel Magic


You were in a bailey.
You worshipped Sif Muna.
Sif Muna was pleased with you.
You visited 2 branches of the dungeon, and saw 9 of its levels.
You also visited: Sewer and Bailey.

You collected 595 gold pieces.

Inventory:

Hand Weapons
 b - a +1 whip of venom
 f - a +0 long sword
 p - a +2 quarterstaff of chaos
 r - a +1 dagger of protection
 B - a +2 whip of freezing
 C - a +5 great sword of freezing (weapon)
Missiles
 I - a throwing net
Armour
 d - a +1 pair of gloves (worn)
 q - a +2 cloak (worn)
Magical Staves
 k - a staff of air
Jewellery
 g - a ring of flight (left hand)
 l - a ring of resist corrosion
 n - a ring of protection from fire
 D - a ring of magical power (right hand)
 F - a +6 ring of strength
Wands
 j - a wand of flame (21)
 v - a wand of roots (7)
 y - a wand of acid (16)
Scrolls
 e - 2 scrolls of enchant armour
 i - 4 scrolls of blinking
 o - a scroll of fog
 u - a scroll of butterflies
 w - a scroll of teleportation
Potions
 a - 4 potions of magic
 c - 2 potions of heal wounds {unknown}
 h - 4 potions of mutation {unknown}
 m - 3 potions of curing
 s - 4 potions of flight
 t - 5 potions of might
 x - 2 potions of invisibility {unknown}
 z - 2 potions of degeneration {unknown}
 A - a potion of berserk rage {unknown}
 E - a potion of lignification {unknown}
 G - 2 potions of haste {unknown}
 H - 2 potions of ambrosia {unknown}
 J - a potion of resistance {unknown}


   Skills:
 + Level 1.4 Fighting
 + Level 1.0 Long Blades
 + Level 0.4 Maces & Flails
 + Level 2.8 Dodging
 - Level 1.7 Stealth
 + Level 10.9 Spellcasting
 + Level 6.5 Conjurations
 + Level 9.1 Fire Magic
 + Level 1.9 Earth Magic


You had 17 spell levels left.
You knew the following spells:

 Your Spells              Type           Power      Damage    Failure   Level
a - Foxfire               Conj/Fire      100%       2x1d9     1%          1
b - Scorch                Fire           98%        2d10      1%          2
c - Kindle Blastsparks    Fire/Tloc/Air  48%        2d14      4%          3
d - Flame Wave            Conj/Fire      44%        2d11      2%          4
e - Stone Arrow           Conj/Erth      58%        3d10      3%          3

Your spell library contained the following spells:

 Spells                   Type           Power      Damage    Failure   Level
 Inner Flame              Hex/Fire       30%        N/A       2%          3
 Gell's Gravitas          Tloc           11%        N/A       19%         3
 Teleport Other           Tloc           11%        N/A       19%         3
 Dispersal                Tloc           5%         N/A       100%        6
 Lehudib's Crystal Spear  Conj/Erth      14%        10d5      100%        8
 Animate Armour           Summ/Erth      Unusable   N/A       N/A         4

Dungeon Overview and Level Annotations

Branches:
Dungeon (8/15)             Temple (1/1) D:7           Sewer (visited)
 Bailey (1/1)
   Lair: D:8-11

Altars:
Ashenzari
Cheibriados
Dithmenos
Elyvilon
Fedhas
Hepliaklqana
Kikubaaqudgha
Makhleb
Nemelex Xobeh
Okawaru
Qazlal
Ru
Sif Muna
Trog
Uskayaw
Vehumet
Wu Jian
Xom
Yredelemnul
Zin
The Shining One

Annotations:
D:3 1 runed translucent door, Chingon's ghost, amateur MiFi


Innate Abilities, Weirdness & Mutations

You can breathe bolts of dispelling energy.
Your rich purple scales are hard. (AC +7)
You cannot fit into any form of body armour.
You are cold-blooded and may be slowed by cold attacks.


Message History

The orc warrior closely misses you.
Casting: Scorch (safe; 1% risk of failure)
Confirm with . or Enter, or press ? or * to list all spells.
Casting: Flame Wave (dangerous; 2% risk of failure)
Press: ? - help, Dir - look around, f - activate
Okay, then.
The orc warrior hits you with a +0 halberd.
The orc knight hits you with a +0 glaive!
The orc completely misses you.
Casting: Flame Wave (dangerous; 2% risk of failure)
Confirm with . or Enter, or press ? or * to list all spells.
Casting: Flame Wave (dangerous; 2% risk of failure)
Press: ? - help, Dir - look around, f - activate A wave of flame ripples out!
The flame wave engulfs the orc warrior.
The orc warrior is severely wounded.
The flame wave engulfs the orc!!
You kill the orc!
Sif Muna accepts your kill.
The flame wave engulfs the orc knight!
The orc knight is moderately wounded. (Press . to intensify the flame waves.)
The orc warrior hits you with a +0 halberd.
The orc knight hits you with a +0 glaive!
* * * LOW HITPOINT WARNING * * *
Unknown command.
A wave of flame ripples out!
The flame wave engulfs the orc warrior.
The orc warrior is almost dead.
The flame wave engulfs the orc knight.
The orc knight is moderately wounded.
The orc warrior hits you but does no damage.
The orc knight hits you with a +0 glaive!
* * * LOW HITPOINT WARNING * * *
A wave of flame ripples out!
The flame wave engulfs the orc warrior!
You kill the orc warrior!
Sif Muna accepts your kill.
The flame wave engulfs the orc knight!
The orc knight is heavily wounded.
You finish channelling waves of flame.
The orc knight hits you with a +0 glaive!!
You die...

####### ######
##.....#########.....#
####)......#.....#.......
...#).##...'.....)..#....
...)))8....'....@))......
...#).##...'.....o..#....
####)......#.....#.......
##.....#########.....#
####### ######


You could see an orc knight.

Vanquished Creatures
  Pikel (D:7)
  Joseph (D:7)
  Maggie (D:7)
  Prince Ribbit (D:5)
  Sigmund (D:2)
  A steam dragon (D:7)
  An acid dragon (D:6)
  A water moccasin (D:6)
  A sky beast (D:7)
  2 ice beasts
  5 orc warriors (Bailey)
  A centaur (D:7)
  4 ogres
  2 lemures (D:7)
  A kobold brigand (D:7)
  5 bullfrogs
  Blork the orc (D:5)
  2 necrophages
  A gnoll sergeant (D:7)
  2 scorpions (D:5)
  3 wights (D:5)
  2 electric eels (D:6)
  2 hounds (D:5)
  5 jellies
  Crazy Yiuf (D:2)
  Jessica (D:2)
  5 iguanas
  4 orc wizards
  Robin (D:2)
  8 gnolls
  11 adders
  A river rat (Sewer)
  2 white imps
  2 ufetubi
  2 worms
  4 dart slugs
  27 orcs
  11 bats
  15 endoplasms
  3 giant cockroaches
  32 goblins
  12 hobgoblins
  7 jackals
  18 kobolds
  11 quokkas
  11 ball pythons
  6 frilled lizards
  14 rats
  2 bushes (D:1)
258 creatures vanquished.

Vanquished Creatures (others)
  680 foxfires
  11 fungi
  2 plants (D:1)
  7 toadstools (D:3)
700 creatures vanquished.

Grand Total: 958 creatures vanquished

Notes
Turn   | Place    | Note
-------+----------+-------------------------------------------
     0 | D:1      | funkygono the Draconian Fire Elementalist began the quest
                  | for the Orb.
     0 | D:1      | Reached XP level 1. HP: 14/14 MP: 3/3
   298 | D:1      | Reached XP level 2. HP: 20/20 MP: 1/5
   303 | D:1      | Learned a level 2 spell: Scorch
  1000 | D:1      | Reached XP level 3. HP: 26/26 MP: 3/6
  1004 | D:1      | Learned a level 3 spell: Kindle Blastsparks
  1606 | D:2      | Noticed Sigmund
  1619 | D:2      | Killed Sigmund
  1620 | D:2      | Reached skill level 3 in Spellcasting
  1620 | D:2      | Reached XP level 4. HP: 18/34 MP: 0/9
  1620 | D:2      | Reached XP level 5. HP: 21/39 MP: 0/10
  1625 | D:2      | Learned a level 4 spell: Flame Wave
  2197 | D:2      | Noticed Jessica
  2199 | D:2      | Killed Jessica
  2260 | D:2      | Reached XP level 6. HP: 46/46 MP: 9/11
  2300 | D:2      | Noticed Robin
  2321 | D:2      | Killed Robin
  2452 | D:2      | Reached skill level 5 in Fire Magic
  2790 | D:2      | Found a runed translucent door.
  2791 | D:2      | Noticed Crazy Yiuf
  2893 | D:2      | Killed Crazy Yiuf
  3566 | D:3      | Reached skill level 4 in Spellcasting
  3691 | D:3      | Found a runed translucent door.
  3691 | D:3      | Noticed Chingon's ghost (amateur MiFi)
  4735 | D:4      | Your scales start taking on a rich purple colour.
  4735 | D:4      | Reached skill level 5 in Spellcasting
  4735 | D:4      | Reached XP level 7. HP: 51/51 MP: 8/15
  5355 | D:5      | Entered Level 5 of the Dungeon
  5473 | D:5      | Noticed Blork the orc
  5479 | D:5      | Killed Blork the orc
  5538 | D:5      | Found a glowing drain.
  5614 | Sewer    | Entered a sewer
  6223 | D:5      | Reached skill level 6 in Spellcasting
  6297 | D:5      | Found a bloodstained altar of Trog.
  6297 | D:5      | Found a broken altar of Ashenzari.
  6494 | D:5      | Reached XP level 8. HP: 54/58 MP: 9/18
  6566 | D:5      | Reached skill level 7 in Spellcasting
  6876 | D:5      | Noticed Prince Ribbit
  6880 | D:5      | Killed Prince Ribbit
  6972 | D:5      | Reached skill level 8 in Spellcasting
  7460 | D:6      | Found a glowing silver altar of Zin.
  7769 | D:6      | Learned a level 3 spell: Stone Arrow
  7811 | D:6      | Reached skill level 5 in Conjurations
  7811 | D:6      | Reached XP level 9. HP: 63/63 MP: 21/21
  7880 | D:6      | Found a hazy altar of Hepliaklqana.
  8005 | D:6      | Found a sparkling altar of Nemelex Xobeh.
  8124 | D:6      | Reached skill level 9 in Spellcasting
  8283 | D:7      | Found a staircase to the Ecumenical Temple.
  8293 | Temple   | Entered the Ecumenical Temple
  8357 | Temple   | Became a worshipper of Sif Muna the Loreminder
  8493 | D:7      | Noticed Pikel
  8506 | D:7      | Killed Pikel
  8507 | D:7      | Reached skill level 1 in Fighting
  8906 | D:7      | Reached skill level 10 in Spellcasting
  8988 | D:7      | Noticed Maggie
  8998 | D:7      | Killed Maggie
  9125 | D:7      | Reached skill level 1 in Earth Magic
  9195 | D:7      | Noticed Joseph
  9204 | D:7      | Killed Joseph
  9293 | D:7      | Reached XP level 10. HP: 67/71 MP: 21/24
  9359 | D:7      | Found a glowing golden altar of the Shining One.
  9704 | D:7      | Reached * piety under Sif Muna
 10163 | D:8      | Found a flagged portal.
 10168 | Bailey   | Entered a bailey
 10282 | Bailey   | Reached skill level 1 in Long Blades
 10364 | Bailey   | Noticed an orc knight
 10380 | Bailey   | Reached ** piety under Sif Muna
 10380 | Bailey   | Demolished by an orc knight

Illustrated notes

Levels and vault maps discovered:
D:1:      heliophobic_arrival_glass_houses, layout_basic, serial_forest,
          infiniplex_forest_lined_corner, infiniplex_forest_split,
          infiniplex_forest_corner_1, infiniplex_forest_straight_3,
          infiniplex_forest_lined_2, infiniplex_forest_lined_3, st_stairs_2
D:2:      kennysheep_big_flooded_room, layout_loops_ring, uniq_sigmund,
          uniq_jessica, uniq_robin, uniq_crazy_yiuf_cottage
D:3:      cheibrodos_fertilizer, layout_rooms, gammafunk_ghost_grave,
          serial_park_tiny_1, minmay_goblin_outpost
D:4:      layout_gridville
D:5:      layout_gridville, chequers_temple_overflow_statue_of_worship,
          portal_sewer_entry_f, uniq_blork_the_orc, uniq_prince_ribbit1
D:6:      layout_basic, mainiacjoe_overflow_tiny_flanked, kennysheep_mini_moat,
          mainiacjoe_overflow_cross_hatched, nicolae_lava_and_water
D:7:      layout_basic, tso_metal_star, minmay_temple_entry_statues_fountains,
          kennysheep_small_square, uniq_maggie, uniq_joseph, uniq_pikel
D:8:      layout_cave_pods, enter_bailey_3, minmay_misc_feat_iff
Temple:   bh_familiar_temple
Bailey:   bailey_polearm_5, bailey

Skill      XL: |  1  2  3  4  5  6  7  8  9 10 |
---------------+-------------------------------+-----
Dodging        | 2 |  2.8
Spellcasting   | 3 5 6 8 10 | 10.9
Conjurations   | 2 3 4 5 6 |  6.5
Fire Magic     | 4 5 6 7 9 |  9.1
Fighting       | 1 |  1.4
Earth Magic    | 1 |  1.9
Long Blades    | 1 |  1.0
Maces & Flails | |  0.4
Stealth        | |  1.7

Action                     |  1- 3 |  4- 6 |  7- 9 | 10-12 || total
---------------------------+-------+-------+-------+-------++-------
  Melee: Whip              |   255 |     4 |     1 |       ||   260
         Tailslap          |    69 |       |     1 |     2 ||    72
         Punch             |     5 |       |       |       ||     5
         Great sword       |       |       |     1 |    19 ||    20
   Cast: Foxfire           |    48 |   143 |   177 |    34 ||   402
         Scorch            |     1 |     9 |    38 |     6 ||    54
         Flame Wave        |       |     2 |     1 |     7 ||    10
         Stone Arrow       |       |       |    24 |     6 ||    30
Ability: Breathe Dispellin |       |       |     1 |       ||     1
    Use: Scroll            |       |     8 |    10 |     3 ||    21
 Armour: Skin              |     9 |     4 |    23 |    21 ||    57
  Dodge: Dodged            |    11 |     9 |    37 |    22 ||    79

Table legend: (Time is in decaauts)
 A = Elapsed time spent in this place.
 B = Non-inter-level travel time spent in this place.
 C = Inter-level travel time spent in this place.
 D = Time resting spent in this place.
 E = Time spent auto-exploring this place.
 F = Levels seen in this place.
 G = Mean time per level.
                   A        B        C        D        E       F      G
               +--------+--------+--------+--------+--------+-----+--------+
         Total |  10417 |  10222 |    195 |    715 |   7439 |  11 |  947.0 |
       Dungeon |   9540 |   9358 |    182 |    715 |   6754 |   8 | 1192.5 |
        Temple |    175 |    162 |     13 |      0 |    149 |   1 |  175.0 |
         Sewer |    489 |    489 |      0 |      0 |    379 |   1 |  489.0 |
        Bailey |    211 |    211 |      0 |      0 |    157 |   1 |  211.0 |
               +--------+--------+--------+--------+--------+-----+--------+

Top non-repeatable levels by time:
     D:1: 1864 daAuts
     D:2: 1512 daAuts
     D:5: 1498 daAuts
     D:7: 1436 daAuts
     D:3: 1105 daAuts
     D:6: 935 daAuts
     D:4: 898 daAuts
   Sewer: 489 daAuts
     D:8: 290 daAuts
  Bailey: 211 daAuts
  Temple: 175 daAuts
